 Dungeon Crawl Stone Soup version 0.28-a0-258-g8de209e91f (webtiles) character file.

Game seed: 8678470271785001095

25 Gobbopathe the Skirmisher (level 2, -3/24 HPs)
             Began as a Demonspawn Chaos Knight on Aug 26, 2021.
             Was a Plaything of Xom.
             Killed from afar by a white imp (9 damage)
             ... with a puff of frost
             ... summoned by Xom
             ... on level 1 of the Dungeon.
             The game lasted 00:01:53 (737 turns).

Gobbopathe the Skirmisher (Demonspawn Chaos Knight)  Turns: 737, Time: 00:01:54

Health: -3/24      AC:  5    Str: 12      XL:     2   Next: 82%
Magic:  2/2        EV: 11    Int: 13      God:    Xom [.*....]
Gold:   23         SH:  3    Dex: 10 (12) Spells: 1/1 levels left

rFire   . . .      SeeInvis .   a - +0 hand axe (chaos)
rCold   . . .      Faith    .   d - +0 buckler
rNeg    . . .      Spirit   .   b - +2 leather armour
rPois   .          Reflect  .   (no helmet)
rElec   .          Harm     .   (no cloak)
rCorr   .          Rampage  .   (no gloves)
Will    .....                   (no boots)
Stlth   +.........              (no amulet)
HPRegen 0.08/turn               (no ring)
MPRegen 0.08/turn               (no ring)

@: hasted, very quick
A: powered by pain 1, sturdy frame 1
a: Renounce Religion


You were on level 1 of the Dungeon.
You worshipped Xom.
You were a plaything of Xom.
You visited 1 branch of the dungeon, and saw 1 of its levels.

You collected 23 gold pieces.

Inventory:

Hand Weapons
 a - a +0 hand axe of chaos (weapon)
Armour
 b - a +2 leather armour (worn)
 d - a +0 buckler (worn)
Scrolls
 c - a scroll of teleportation {unknown}
 e - a scroll of enchant armour {unknown}
Potions
 f - a potion of cancellation {unknown}


   Skills:
 * Level 3.4 Fighting
 + Level 2.9 Axes
 + Level 2.0 Armour
 + Level 1.2 Dodging
 + Level 0.4 Shields


You had one spell level left.
You didn't know any spells.
Your spell library was empty.

Dungeon Overview and Level Annotations

Branches:
Dungeon (1/15)

Altars:


Innate Abilities, Weirdness & Mutations

You sometimes gain a little power by taking damage.
Your movements are slightly less encumbered by armour. (ER -2)


Message History

You block the bat's attack. The bat hits you but does no damage.
You closely miss the bat. The bat completely misses you.
The bat hits you but does no damage.
You hit the bat. You burn the bat.
You kill the bat!
Found a stone staircase leading down.
You see here a bat corpse.
There is an open door, spattered with blood here.
Items here: ))) †††. "Fight to survive, mortal."
You closely miss the white imp. The white imp hits you.
The white imp freezes you.
You hit the white imp but do no damage.
The white imp flickers and vanishes!
Deactivating autopickup; reactivate with Ctrl-A.
Xom is highly amused!
You hit the quasit but do no damage.
The quasit bites you but does no damage.
The quasit claws you.
The quasit claws you but does no damage.
Something hits you but does no damage. The quasit bites you.
You feel clumsy.
The quasit claws you but does no damage. x2
You hit the quasit but do no damage. You hit something but do no damage.
Nothing appears to happen.
The quasit bites you.
You feel clumsy.
The quasit claws you but does no damage.
The quasit closely misses you. Something hits you. Something freezes you.
* * * LOW HITPOINT WARNING * * *
The quasit closely misses you.
The quasit claws you but does no damage.
The quasit closely misses you.
Unknown command.
It was a potion of haste.
You feel yourself speed up. Something hits you but does no damage.
The quasit misses you.
The quasit claws you but does no damage.
The quasit barely misses you.
Found a faded altar of an unknown god.
A puff of frost appears from out of thin air!
The puff of frost hits you!
You die...

...................
.#######..###.#####
#..###.# ##
######...##.# .. #
#......#.##.#
.##.#.
#.######..#.#
......##{# ##.#.#
#......# #.#.#
..####@5# #...#
#..# ##..# .# #..#
#..# .# #..# #..# #
.# #..# ##.# ## .##
#..# #.# ##. .. #
#... #.###.. .#.#
._.. #÷##... #
##...## #.##...


You could see a quasit (summoned).

Vanquished Creatures
  4 goblins (D:1)
  5 hobgoblins (D:1)
  3 jackals (D:1)
  A quokka (D:1)
  A ball python (D:1)
  4 bats (D:1)
  2 frilled lizards (D:1)
  2 kobolds (D:1)
22 creatures vanquished.

Notes
Turn   | Place    | Note
-------+----------+-------------------------------------------
     0 | D:1      | Gobbopathe the Demonspawn Chaos Knight began the quest for
                  | the Orb.
     0 | D:1      | Reached XP level 1. HP: 18/18 MP: 1/1
    65 | D:1      | XOM: potion effect (might)
    70 | D:1      | Reached skill level 1 in Dodging
   172 | D:1      | Gained mutation: You sometimes gain a little power by
                  | taking damage. [demonic ancestry]
   172 | D:1      | Reached XP level 2. HP: 21/24 MP: 2/2
   201 | D:1      | XOM: divination: magic mapping
   282 | D:1      | XOM: give mutation
   282 | D:1      | Gained mutation: Your movements are slightly less
                  | encumbered by armour. (ER -2) [Xom's grace]
   283 | D:1      | XOM: 3-stop teleportation journey
   732 | D:1      | XOM: summons 2 hostile demons
   737 | D:1      | Found a faded altar of an unknown god.
   737 | D:1      | Killed from afar by a white imp

Illustrated notes

Levels and vault maps discovered:
D:1:      dpeg_arrival_snail, layout_basic, ebering_ecumenical_altar_abandoned,
          st_stairs_10, kennysheep_another_room

Skill      XL: |  1  2 |
---------------+-------+-----
Dodging        | 1 |  1.2
Armour         | 2 |  2.0
Fighting       | |  3.4
Axes           | |  2.9
Shields        | |  0.4

Action                   || total
-------------------------++-------
Melee: Hand axe          ||    70
  Use: Potion            ||     1
 Stab: Sleeping          ||     1
Armor: Leather armour    ||    34
Dodge: Dodged            ||    52
Block: Buckler           ||     9

Table legend: (Time is in decaauts)
 A = Elapsed time spent in this place.
 B = Non-inter-level travel time spent in this place.
 C = Inter-level travel time spent in this place.
 D = Time resting spent in this place.
 E = Time spent auto-exploring this place.
 F = Levels seen in this place.
 G = Mean time per level.
                   A        B        C        D        E       F      G
               +--------+--------+--------+--------+--------+-----+--------+
         Total |    752 |    752 |      0 |      0 |    566 |   1 |  752.0 |
       Dungeon |    752 |    752 |      0 |      0 |    566 |   1 |  752.0 |
               +--------+--------+--------+--------+--------+-----+--------+

Top non-repeatable levels by time:
     D:1: 752 daAuts
